 Dungeon Crawl Stone Soup version 0.32-a0-585-gef4fe23122 (webtiles) character file.

Game seed: 1356178686826787747

1729684 oppeldang the Slayer (level 26, 266/266 HPs)
             Began as an Octopode Wanderer on Mar 2, 2024.
             Was a High Priest of Trog.
             Escaped with the Orb
             ... and 3 runes!
             The game lasted 01:57:59 (62134 turns).

oppeldang the Slayer (Octopode Wanderer)           Turns: 62134, Time: 01:57:59

Health: 266/266    AC: 31    Str: 19    XL:     26   Next: 75%
Magic:  23/23      EV: 59    Int: 21    God:    Trog [*****.]
Gold:   1433       SH: 49    Dex: 48    Spells: 23/25 levels left

rFire   + . .        Y - +9 eudemon blade (holy)
rCold   + + .        G - +13 tower shield of Fallacy {+Inv rC+ Dex+4}
rNeg    + + +        A - +2 hat
rPois   ∞            g - amulet of Vashroote {rPois rC+ Regen+}
rElec   +            b - ring of Cimanlin {Will+ Int+5 Dex+6}
rCorr   +            J - +5 ring of evasion
SInv    .            r - ring of protection from fire
Will    ++...        c - ring of Orodiox {Int+6 Dex+6 Slay+3 Stlth-}
Stlth   +++          o - ring "Heycwij" {rN+ rCorr Str+3 Slay+4}
HPRegen 1.44/turn    Z - ring of Emmeaneorcha {rN++ rCorr Str+6 Int-3}
MPRegen 0.18/turn    S - +6 ring of dexterity
                     u - +4 ring of slaying

%: no passive effects
@: statue-form, studying 4 skills, very slow
A: slow and powerful, torment resistance 1, boosted hp, almost no armour,
amphibious, 8 rings, camouflage 1, (gelatinous body 1), (nimble swimmer 1),
tentacles, beak, tentacle spike 2, large bone plates 1, agile 1, deterioration
1, weak 1
0: Orb of Zot
}: 3/15 runes: barnacled, silver, gossamer
a: Begin Untransformation, Renounce Religion, Evoke Invisibility, Berserk,
Trog's Hand, Brothers in Arms


You escaped.
You worshipped Trog.
Trog was extremely pleased with you.
You were a living statue of rough stone.
You visited 9 branches of the dungeon, and saw 47 of its levels.
You visited the Abyss 1 time.
You also visited: Ossuary, Gauntlet, Ice Cave, Wizlab and Desolation.

You collected 6247 gold pieces.
You spent 4814 gold pieces at shops.

Inventory:

Hand Weapons
 q - a +4 demon blade of freezing
 R - the +8 autumn katana {manifold assault}
   (You found it on level 15 of the Dungeon)
 Y - a +9 eudemon blade of holy wrath (weapon)
Missiles
 h - 2 curare-tipped darts
 p - 11 throwing nets (quivered) {!f}
Armour
 A - a +2 hat (worn)
 G - the +13 tower shield of Fallacy (worn) {+Inv rC+ Dex+4}
   (You took it off Mennas on level 3 of the Vaults)

   Dex+4:     It affects your dexterity (+4).
   rC+:       It protects you from cold.
   +Inv:      It lets you turn invisible.
Jewellery
 a - the ring of Xom's Bemusement {Fire rPois Will+}
   (You found it on level 4 of the Vaults)

   [ring of fire]

   Fire:      It enhances your fire magic.
   rF+:       It protects you from fire.
   rC-:       It makes you vulnerable to cold.
   rPois:     It protects you from poison.
   Will+:     It increases your willpower.
 b - the ring of Cimanlin (left tentacle) {Will+ Int+5 Dex+6}
   (You found it on level 2 of the Realm of Zot)

   [ring of dexterity]

   Int+5:     It affects your intelligence (+5).
   Dex+6:     It affects your dexterity (+6).
   Will+:     It increases your willpower.
 c - the ring of Orodiox (on tentacle) {Int+6 Dex+6 Slay+3 Stlth-}
   (You found it in the Desolation of Salt)

   [ring of intelligence]

   Int+6:     It affects your intelligence (+6).
   Dex+6:     It affects your dexterity (+6).
   Slay+3:    It affects your accuracy & damage with ranged weapons and melee
   (+3).
   Stlth-:    It makes you less stealthy.
 g - the amulet of Vashroote (around mantle) {rPois rC+ Regen+}
   (You bought it in a shop on level 1 of the Depths)

   [amulet of regeneration]

   rC+:       It protects you from cold.
   rPois:     It protects you from poison.
   Regen+:    It increases your rate of health regeneration.
 i - a ring of flight
 n - an amulet of the acrobat
 o - the ring "Heycwij" (on tentacle) {rN+ rCorr Str+3 Slay+4}
   (You took it off a deep elf annihilator on level 3 of the Elven Halls)

   [ring of positive energy]

   Str+3:     It affects your strength (+3).
   Slay+4:    It affects your accuracy & damage with ranged weapons and melee
   (+4).
   rN+:       It protects you from negative energy.
   rCorr:     It protects you from acid and corrosion.
 r - a ring of protection from fire (on tentacle)
 t - a ring of protection from fire
 u - a +4 ring of slaying (on tentacle)
 v - a ring of protection from cold
 J - a +5 ring of evasion (right tentacle)
 K - a ring of willpower
 Q - the ring "Vics" {rElec rPois Slay+4}
   (You found it in the Desolation of Salt)

   [ring of slaying]

   Slay+4:    It affects your accuracy & damage with ranged weapons and melee
   (+4).
   rElec:     It insulates you from electricity.
   rPois:     It protects you from poison.
 S - a +6 ring of dexterity (on tentacle)
 W - a ring of see invisible
 Z - the ring of Emmeaneorcha (on tentacle) {rN++ rCorr Str+6 Int-3}
   (You found it on level 3 of the Lair of Beasts)

   [ring of strength]

   Str+6:     It affects your strength (+6).
   Int-3:     It affects your intelligence (-3).
   rN++:      It greatly protects you from negative energy.
   rCorr:     It protects you from acid and corrosion.
Wands
 m - a wand of charming (42)
 L - a wand of light (47)
 O - a wand of digging (24) {@v3}
 T - a wand of roots (37)
Scrolls
 e - 18 scrolls of teleportation {@r3}
 f - 6 scrolls of fear
 y - 2 scrolls of fog
 B - 8 scrolls of blinking {@r4}
 M - 2 scrolls of revelation
 V - a scroll of torment
 X - 2 scrolls of silence
Potions
 d - 4 potions of cancellation
 k - 7 potions of haste {@q4}
 l - 15 potions of curing {@q1}
 s - 2 potions of invisibility
 w - 6 potions of attraction
 x - 13 potions of heal wounds {@q2}
 z - a potion of magic
 C - 5 potions of mutation
 D - 4 potions of ambrosia
 E - 4 potions of resistance {@q5}
 F - 6 potions of lignification
 I - 2 potions of enlightenment
 U - 4 potions of might {@q3}
Miscellaneous
 j - a lightning rod (4/4)
 H - a phantom mirror
 N - a phial of floods
 P - a sack of spiders


   Skills:
 - Level 23.0 Fighting
 - Level 18.0 Long Blades
 - Level 2.0 Polearms
 - Level 1.0 Throwing
 - Level 23.0 Dodging
 - Level 12.5 Stealth
 - Level 22.0 Shields
 * Level 16.6 Evocations
 - Level 18.2 Shapeshifting


You had 23 spell levels left.
You knew the following spells:

 Your Spells              Type           Power      Damage    Failure   Level
a - Lesser Beckoning      Tloc           0%         N/A       38%         2

Your spell library contained the following spells:

 Spells                   Type           Power      Damage    Failure   Level
 Gell's Gravitas          Tloc           0%         N/A       63%         3
 Teleport Other           Tloc           0%         N/A       63%         3


Dungeon Overview and Level Annotations

Branches:
Dungeon (15/15)            Temple (0/1) D:4            Lair (5/5) D:10
 Shoals (4/4) Lair:2       Spider (4/4) Lair:3        Slime (0/5) Lair:5
    Orc (2/2) D:11            Elf (3/3) Orc:2        Vaults (5/5) D:13
  Crypt (0/3) Vaults:3     Depths (4/4) D:15            Zot (5/5) Depths:4
Ossuary (visited)           IceCv (visited)          WizLab (visited)
Desolation (visited)      Gauntlet (visited)

Altars:
Elyvilon
Fedhas
Hepliaklqana
Kikubaaqudgha
Makhleb
Trog
Vehumet
Xom
Zin
The Shining One
Beogh
Jiyva

Shops:
D:2 ?   Orc:1 :   Orc:2 *[=(   Elf:3 **   Shoals:1 ?   Depths:1 :==
Depths:2 *

Portals:
Hell: Depths:1 Depths:2 Depths:3 Depths:4
Abyss: Depths:3
Pandemonium: Depths:2
Ziggurat: Depths:3
Trove: D:13 (give 19 potions of curing)

Annotations:
Depths:1 2 transporters, Appolef's ghost, veteran GrBe
Depths:3 3 runed translucent doors
Zot:1 2 transporters, exclusion: orange crystal statue
Zot:3 exclusion: orb of fire


Innate Abilities, Weirdness & Mutations

You are a living statue of rough stone.
Your actions are slow, but your melee attacks are powerful.
You are resistant to unholy torment.
Your maximum health is greatly increased.
You cannot wear most types of armour.
You are amphibious.
You can wear up to eight rings at the same time.
You are immune to poison.
Your skin changes colour to match your surroundings (Stealth+).
((Your rubbery body absorbs attacks. (AC +1, EV +1)))
((You are camouflaged when in or above water. (Stealth+)))
You have tentacles for arms and can constrict up to eight enemies at once.
You have a beak for a mouth.
One of your tentacles bears a nasty spike.
You are partially covered in large bone plates. (SH +4)
You are agile. (Dex +4, Str/Int -1)
Your body sometimes deteriorates upon taking damage.
You are weak. (Str -2)


Message History

The golden eye blinks at you. You resist with almost no effort.
The golden eye blinks at you. You resist with almost no effort.
The golden eye blinks at you. You resist with almost no effort.
The golden eye blinks at you. You resist with almost no effort.
The golden eye blinks!
You closely miss the golden eye.
The golden eye turns its gaze towards you.
You grab the golden eye.
You pierce the golden eye.
You squeeze the golden eye!
You kill the golden eye!
Trog accepts your kill. The golden eye blinks at you.
You resist with some effort.
The golden eye blinks! x2
Things that are here:
a +0 robe; a +0 dagger The golden eye blinks!
There is a stone staircase leading up, spattered with blood here.
Things that are here:
a +0 whip; a +0 club; an orc skeleton You climb upwards.
There is a stone staircase leading down here.
What level of the Dungeon? (default 1, ? - help)
There is a stone staircase leading up here.
You climb upwards.
There is a stone staircase leading down here.
There is a stone staircase leading down here.
There is a stone staircase leading up here.
You climb upwards.
There is a stone staircase leading down here.
There is a stone staircase leading up here.
You climb upwards.
There is a stone staircase leading down here.
There is a shaft here.
Things that are here:
a stone; a +0 whip
There is a staircase leading out of the dungeon here.
You have escaped!

#.# ######....#.#...÷. #.# #####
#####..............^.. #.#
#...###.......##....######## #.#
#...(...####.##.....### #. ..#
#.......# ####.......# #. .##
##..#...####......#.#.## #. .#
#..#......###.##.#.#..## #. .#
#..#....#...#.##.#.##..###.
.######..#....#.I.#....#####.##..
.........#.##.#...#....#####....#
......#.##.##.###..(...#..##....#
...÷.....#.†....####...#........#
.....#.......#######.......##.###
....##........÷...............###
....##...................).......
....##.............).......##.#..
...........................#..#..


There were no monsters in sight!

Vanquished Creatures
  3 dread liches
  7 ancient liches
  3 orbs of fire (Zot:5)
  Mennas (Vaults:3)
  Mara (Elf:3)
  Josephina (Depths:3)
  Boris (twice) (Depths:3 D:15)
  5 Killer Klowns (Zot:5)
  3 curse toes
  6 golden dragons
  the Enchantress (Depths:3)
  A bone dragon (Depths:4)
  2 electric golems (Zot:5)
  A hellephant (Depths:1)
  Rupert (D:15)
  Jorgrun (Orc:1)
  28 Orb Guardians
  13 tentacled monstrosities
  A Hell Sentinel (Depths:1)
  An Ice Fiend (D:13)
  5 quicksilver dragons
  The ghost of Kiciri the Marksgoblin, an adept CoHu of Okawaru (Elf:3)
  6 titans
  2 deep elf master archers (Elf:3)
  2 sphinxes (Vaults:5)
  4 liches
  A walking frostbound tome (Depths:4)
  Frances (D:14)
  3 deep elf blademasters
  3 death cobs
  10 storm dragons
  15 shadow dragons
  Aizul (Elf:3)
  2 tengu reavers (Vaults:5)
  8 protean progenitors
  2 draconian monks (Zot:1)
  A demonspawn warmonger (Depths:2)
  6 draconian knights
  4 fire giants
  A daeva (Shoals:4)
  15 vault wardens
  7 frost giants
  3 draconian shifters
  7 draconian scorchers
  4 emperor scorpions (Spider:4)
  4 iron dragons
  4 deep elf sorcerers
  A quicksilver ooze (Zot:1)
  2 imperial myrmidons (Desolation)
  4 orc warlords
  5 ghost moths
  A cacodemon (D:7)
  5 deep elf elementalists
  An angel (D:12)
  The ghost of Nuutul the Unseen, an adept SpEn of Dithmenos (Spider:4)
  11 stone giants
  11 very ugly things
  2 draconian stormcallers
  14 ironbound preservers
  2 reapers
  2 broodmothers
  3 spriggan defenders (Depths:3)
  The ghost of Peqemp the Warrior, a journeyman MiMo of Okawaru (D:14)
  8 ironbound thunderhulks
  6 draconian annihilators
  8 green draconians
  A vampire knight (Vaults:3)
  4 black draconians
  2 deep elf demonologists
  2 formless jellyfish (Vaults:1)
  9 deep elf death magi
  A wendigo (Depths:2)
  6 purple draconians
  4 red draconians
  9 deep elf annihilators
  7 yellow draconians
  9 white draconians
  7 dire elephants (Vaults:2)
  2 halazid warlocks (Desolation)
  4 war gargoyles
  The ghost of Kiciri the Eclecticist, a journeyman DjCj of Makhleb (Lair:5)
  7 spark wasps
  4 ragged hierophants (Desolation)
  6 fire dragons
  13 merfolk javelineers
  8 ettins
  3 crystal guardians
  16 yaktaur captains
  8 blizzard demons
  3 great orbs of eyes
  6 hydras
  15 merfolk impalers
  9 deep elf high priests
  30 vault guards
  13 peacekeepers
  A caustic shrike simulacrum (IceCv)
  A rakshasa (D:14)
  8 entropy weavers
  2 spriggan air magi (Depths:3)
  A hell beast (Depths:2)
  2 ice dragons
  9 ironbound frosthearts
  5 ogre magi
  4 catoblepae (Lair:5)
  8 servants of whispers (Desolation)
  2 jorogumos
  6 satyrs
  A radroach (Spider:2)
  12 centaur warriors
  9 boulder beetles
  2 death knights
  A juggernaut simulacrum (Depths:3)
  3 merfolk aquamancers (Shoals:4)
  2 tengu warriors
  10 two-headed ogres
  9 death yaks
  A merfolk avatar (Shoals:4)
  22 dancing weapons
  9 deep troll earth magi
  2 deep troll shamans
  9 hell knights
  9 demonic crawlers
  An occultist (Depths:1)
  An orc high priest (Orc:2)
  2 spriggan berserkers (Depths:3)
  A sun demon (Depths:2)
  A shock serpent (shapeshifter) (Vaults:5)
  The ghost of voshxx the Protected, a novice GrFi of Beogh (D:9)
  A holy swine (Shoals:4)
  6 skysharks
  A fire crab (Gauntlet)
  3 pharaoh ants
  19 deep elf knights
  A soul eater (Gauntlet)
  A sixfirhy (D:6)
  6 iron trolls
  3 skeletal warriors (D:14)
  A sun moth (Spider:4)
  8 sea snakes
  4 arcanists
  2 flayed ghosts
  4 cherubim (Shoals:4)
  A bog body (IceCv)
  A glowing orange brain (shapeshifter) (Vaults:5)
  2 glowing orange brains (Depths:3)
  A swamp dragon (shapeshifter) (Vaults:5)
  7 orb spiders
  15 orc knights
  45 deep trolls
  2 thermic dynamos (Elf:1)
  5 steelbarb worms
  An obsidian statue (IceCv)
  10 spriggan simulacra (IceCv)
  8 deep elf archers
  7 necromancers
  4 lindwurms
  The ghost of temujin the Conjurer, a novice OnCj (D:4)
  2 phantasmal warriors
  17 harpies
  19 wolf spiders
  18 ironbound convokers
  17 deep elf pyromancers
  22 deep elf zephyrmancers
  10 fauns
  33 ugly things
  23 manticores
  A faun (shapeshifter) (Vaults:5)
  2 orc sorcerers (Orc:2)
  A salamander (Depths:2)
  13 cyclopes
  20 moths of wrath
  6 merfolk sirens
  A black mamba (Lair:4)
  9 elephants
  3 rust devils
  7 meliai
  4 guardian serpents (Desolation)
  19 vault sentinels
  A water nymph (shapeshifter) (Depths:3)
  5 water nymphs
  A guardian serpent (shapeshifter) (D:14)
  A torpor snail (Lair:3)
  4 kobold blastminers
  A molten gargoyle (Vaults:4)
  A gargoyle (D:14)
  A kobold demonologist (D:14)
  6 cane toads
  An efreet (D:15)
  38 yaktaurs
  9 komodo dragons
  6 rime drakes
  A tormentor (Zot:5)
  5 freezing wraiths
  An anaconda simulacrum (IceCv)
  2 tengu conjurers
  2 golden dragon simulacra
  A red devil (Depths:1)
  8 ice devils (IceCv)
  6 wind drakes
  A guardian mummy (WizLab)
  A troll (shapeshifter) (D:15)
  26 merfolk
  7 hornets
  5 polar bears
  4 trolls
  2 shadow dragon simulacra
  2 tyrant leeches (Zot:2)
  56 saltlings
  7 tarantellas
  A tengu simulacrum (Depths:2)
  A hellwing (Zot:1)
  2 alligator simulacra (IceCv)
  Prince Ribbit (D:7)
  11 dream sheep
  3 glass eyes (Zot:2)
  11 blink frogs
  A blink frog (shapeshifter) (Vaults:4)
  An iron dragon simulacrum (Depths:3)
  11 snapping turtles
  A frost giant simulacrum (Depths:2)
  23 jumping spiders
  19 slime creatures
  A shadow (D:11)
  12 culicivoras
  6 spriggans
  3 fire bats
  7 wraiths
  4 vampires
  A dire elephant simulacrum (IceCv)
  82 yaks
  5 fire elementals
  14 wyverns
  A yak (shapeshifter) (Elf:2)
  8 water elementals
  5 wargs
  5 basilisks
  2 golden eyes (D:5)
  14 humans (D:13)
  3 steam dragons
  8 vampire mosquitoes
  41 redbacks
  Edmund (D:5)
  6 minotaur simulacra (IceCv)
  A naga (shapeshifter) (Depths:4)
  3 harpy simulacra (IceCv)
  11 swamp worms
  5 hell hounds
  A hydra simulacrum (IceCv)
  14 water moccasins
  3 acid dragons
  2 black bears
  A swamp drake (D:11)
  An ice beast (D:5)
  29 orc warriors
  A tengu (shapeshifter) (D:15)
  12 ogres
  A crocodile (shapeshifter) (Elf:2)
  A laughing skull (D:14)
  A boggart (D:7)
  14 centaurs
  24 wolves
  A weeping skull (Ossuary)
  2 kobold brigands
  6 bullfrogs
  2 earth elementals
  3 scorpions
  A gnoll sergeant (D:10)
  16 deep troll simulacra (IceCv)
  6 water moccasin zombies (Ossuary)
  Dowan (D:7)
  2 lindwurm simulacra (IceCv)
  22 killer bees
  4 howler monkeys
  An electric eel (Lair:4)
  A hound (D:6)
  A water moccasin simulacrum (D:4)
  A spectral scorpion (Ossuary)
  14 orc priests
  2 gnoll boudas
  Jessica (D:2)
  An iguana (D:6)
  2 sleepcaps (D:8)
  Terence (D:2)
  17 orc wizards
  11 hell rats (D:14)
  2 crocodile zombies (Ossuary)
  A boggart simulacrum (D:15)
  2 mummies (Ossuary)
  5 adders
  17 gnolls
  3 shadow imps (Gauntlet)
  A white imp (D:4)
  A howler monkey simulacrum (D:4)
  An adder zombie (Ossuary)
  A dart slug (D:4)
  A ribbon worm (D:3)
  An adder simulacrum (D:4)
  65 orcs
  6 ball pythons
  8 endoplasms
  3 giant cockroaches
  8 gnoll zombies (Ossuary)
  12 goblins
  5 hobgoblins
  6 jackals
  8 quokkas
  3 bats
  3 frilled lizards
  A jackal simulacrum (D:4)
  6 jackal zombies (Ossuary)
  21 kobolds
  7 rats
  3 aspiring fleshes
2047 creatures vanquished.

Vanquished Creatures (collateral kills)
  Tiamat (Zot:2)
  Snorg (D:13)
  A minotaur (Gauntlet)
  A moth of wrath (Zot:4)
  A shadow (D:11)
  2 humans (D:13)
7 creatures vanquished.

Vanquished Creatures (others)
  A fire giant (Depths:4)
  A merfolk impaler (Shoals:1)
  Erolcha (Orc:2)
  A deep elf knight (Elf:2)
  A deep troll (Vaults:3)
  A spriggan simulacrum (Depths:3)
  A harpy (Shoals:1)
  A manticore (Shoals:1)
  A spark wasp simulacrum (Depths:2)
  A saltling (Desolation)
  3 yaks (D:9)
  A water elemental (Shoals:4)
  A human (D:13)
15 creatures vanquished.

Grand Total: 2069 creatures vanquished

Notes
Turn   | Place    | Note
-------+----------+-------------------------------------------
     0 | D:1      | oppeldang the Octopode Wanderer began the quest for the
                  | Orb.
     0 | D:1      | oppeldang set off with the following items: a +0 long
                  | sword, a +0 spear, 10 poisoned darts, a +0 dagger, a scroll
                  | of teleportation {@r3}.
     0 | D:1      | Reached XP level 1. HP: 16/16 MP: 1/1
    52 | D:1      | Reached skill level 1 in Stealth
    99 | D:1      | Reached XP level 2. HP: 13/21 MP: 2/2
   358 | D:1      | Reached skill level 1 in Dodging
   425 | D:1      | Reached XP level 3. HP: 20/26 MP: 3/3
   713 | D:1      | Learned a level 2 spell: Lesser Beckoning
   824 | D:2      | Noticed Jessica
   830 | D:2      | Killed Jessica
   858 | D:2      | Noticed Terence
   913 | D:2      | Found a bloodstained altar of Trog.
   946 | D:2      | Reached XP level 4. HP: 31/31 MP: 4/4
   963 | D:2      | Became a worshipper of Trog the Wrathful
  1594 | D:3      | Found a faded altar of an unknown god.
  2030 | D:3      | You fall into a shaft and drop 1 floor!
  2182 | D:4      | Noticed temujin's ghost (novice OnCj)
  2285 | D:4      | Found a staircase to the Ecumenical Temple.
  2672 | D:4      | Found a runed translucent gate.
  2673 | D:4      | Found a runed translucent gate.
  2674 | D:4      | Found a runed translucent gate.
  2991 | D:3      | Reached * piety under Trog
  3024 | D:3      | Reached XP level 5. HP: 37/37 MP: 5/5
  3130 | D:5      | Entered Level 5 of the Dungeon
  3363 | D:5      | Noticed Edmund
  3429 | D:5      | Found a sand-covered staircase.
  3443 | Ossuary  | Entered an ossuary
  3459 | Ossuary  | Noticed a weeping skull
  3465 | Ossuary  | Reached XP level 6. HP: 30/44 MP: 6/6
  3471 | Ossuary  | Reached skill level 5 in Long Blades
  3599 | Ossuary  | Reached XP level 7. HP: 31/49 MP: 7/7
  3676 | Ossuary  | Reached ** piety under Trog
  3677 | Ossuary  | Reached skill level 5 in Fighting
  4488 | D:2      | Killed Terence
  4697 | D:2      | Found The Oracle's Delphic Readings.
  4957 | D:6      | Reached XP level 8. HP: 52/56 MP: 8/8
  5324 | D:6      | Found a glowing golden altar of the Shining One.
  5325 | D:6      | Found a hazy altar of Hepliaklqana.
  5326 | D:6      | Found a blossoming altar of Fedhas.
  5530 | D:6      | Found a transporter.
  5532 | D:6      | Found a white marble altar of Elyvilon.
  5847 | D:6      | Found a transporter.
  6008 | D:7      | Noticed Prince Ribbit
  6019 | D:7      | Killed Prince Ribbit
  6020 | D:7      | Reached skill level 5 in Dodging
  6020 | D:7      | Reached skill level 1 in Evocations
  6144 | D:7      | Noticed Duvessa
  6789 | D:7      | Reached XP level 9. HP: 58/63 MP: 9/9
  6809 | D:7      | Reached *** piety under Trog
  7563 | D:7      | Noticed Dowan
  7568 | D:7      | Duvessa changed into Duvessa the boggart
  7568 | D:7      | Noticed Duvessa
  8295 | D:8      | Found a burning altar of Makhleb.
  9415 | D:8      | Reached skill level 5 in Stealth
  9571 | D:8      | Noticed Maurice
  9694 | D:8      | Reached XP level 10. HP: 67/71 MP: 10/10
 10543 | D:5      | Killed Edmund
 11451 | D:7      | Killed Duvessa the boggart
 11471 | D:7      | Killed Dowan
 12464 | D:9      | Noticed voshxx's ghost (novice GrFi)
 12479 | D:9      | Found a runed translucent door.
 12869 | D:9      | Noticed a two-headed ogre
 12891 | D:9      | Killed a two-headed ogre
 12892 | D:9      | Reached skill level 10 in Long Blades
 14157 | D:10     | Entered Level 10 of the Dungeon
 14743 | D:10     | Reached skill level 1 in Shields
 14743 | D:10     | Reached XP level 11. HP: 78/78 MP: 11/11
 14802 | D:10     | Gained mutation: You are clumsy. (Dex -2) [potion of
                  | mutation]
 14802 | D:10     | Gained mutation: Your magical capacity is low. (-10% MP)
                  | [potion of mutation]
 14803 | D:10     | Lost mutation: You are clumsy. (Dex -2) [potion of
                  | mutation]
 14803 | D:10     | Lost mutation: Your magical capacity is low. (-10% MP)
                  | [potion of mutation]
 14803 | D:10     | Gained mutation: You are agile. (Dex +4, Str/Int -1)
                  | [potion of mutation]
 14803 | D:10     | Gained mutation: You have hidden genetic potential. [potion
                  | of mutation]
 14803 | D:10     | Gained mutation: You have great hidden genetic potential.
                  | [potion of mutation]
 15510 | D:10     | Found a staircase to the Lair.
 15580 | D:10     | Noticed a two-headed ogre
 15584 | D:10     | Killed a two-headed ogre
 16188 | D:11     | Reached skill level 5 in Shields
 16633 | D:11     | Noticed a purple ugly thing
 16638 | D:11     | Killed a purple ugly thing
 16765 | D:11     | Found a runed translucent gate.
 16765 | D:11     | Found a runed translucent gate.
 16766 | D:11     | Found a runed translucent gate.
 17859 | D:11     | Found a staircase to the Orcish Mines.
 18498 | D:4      | Killed temujin's ghost
 18934 | D:2      | Bought a scroll of enchant armour for 82 gold pieces
 18934 | D:2      | Bought a scroll of enchant armour for 82 gold pieces
 19163 | Lair:1   | Entered Level 1 of the Lair of Beasts
 19549 | Lair:1   | Reached XP level 12. HP: 84/84 MP: 12/12
 19557 | Lair:1   | Gained mutation: You are partially covered in large bone
                  | plates. (SH +4) [hidden potential]
 19962 | Lair:1   | Noticed a boulder beetle
 19988 | Lair:1   | Killed a boulder beetle
 20759 | Lair:1   | Reached skill level 1 in Shapeshifting
 20982 | Lair:2   | Reached **** piety under Trog
 21059 | Lair:2   | Identified the +0 pair of gloves "Mepsohun" {rCorr Int+3}
 21729 | Lair:2   | Found a staircase to the Shoals.
 21741 | Lair:2   | Reached XP level 13. HP: 89/89 MP: 13/13
 21788 | Lair:2   | Gained mutation: You have a beak for a mouth. [hidden
                  | potential]
 21788 | Lair:2   | Lost mutation: You have great hidden genetic potential.
                  | [hidden potential expressed]
 21966 | Lair:3   | Reached skill level 5 in Shapeshifting
 21990 | Lair:3   | Found a transporter.
 22130 | Lair:3   | Found a transporter.
 22149 | Lair:3   | Found a hole to the Spider Nest.
 22205 | Lair:3   | Found a runed translucent door.
 24141 | Lair:4   | Found a gate leading to a gauntlet.
 24285 | Gauntlet | Entered a Gauntlet
 24285 | Gauntlet | Found a transporter.
 24285 | Gauntlet | Found a transporter.
 24289 | Gauntlet | Found a transporter.
 24289 | Gauntlet | Found a transporter.
 24289 | Gauntlet | Found a transporter.
 24300 | Gauntlet | Found a transporter.
 24323 | Gauntlet | Found a transporter.
 24342 | Gauntlet | Found a transporter.
 24362 | Gauntlet | Found a transporter.
 24368 | Gauntlet | Found a transporter.
 24385 | Gauntlet | Found a transporter.
 24437 | Gauntlet | Found a transporter.
 24910 | Gauntlet | Noticed a minotaur
 24913 | Gauntlet | Killed a minotaur
 25597 | Lair:5   | Entered Level 5 of the Lair of Beasts
 25696 | Lair:5   | Identified the +1 great sword of the Enchanting Genius
                  | {speed, Int+4}
 25711 | Lair:5   | Reached skill level 10 in Shapeshifting
 25812 | Lair:5   | Reached XP level 14. HP: 93/95 MP: 14/14
 25823 | Lair:5   | Gained mutation: One of your tentacles bears a spike.
                  | [hidden potential]
 26179 | Lair:5   | Found a viscous altar of Jiyva.
 26180 | Lair:5   | Found a staircase to the Slime Pits.
 26394 | Lair:5   | Identified a scroll of acquirement
 26395 | Lair:5   | Acquired a +0 double sword of protection
 26409 | Lair:5   | Found a runed translucent gate.
 26409 | Lair:5   | Found a runed translucent gate.
 26409 | Lair:5   | Found a runed translucent gate.
 26414 | Lair:5   | Noticed Kiciri's ghost (journeyman DjCj)
 28741 | D:8      | Maurice changed into Maurice the warg
 28741 | D:8      | Noticed Maurice
 28746 | D:8      | Killed Maurice the warg
 28945 | D:8      | Found a burning altar of Makhleb.
 29233 | D:9      | Killed voshxx's ghost
 29824 | D:13     | Noticed Nessos
 29824 | D:13     | Found a gate to the Vaults.
 30039 | D:13     | Nessos changed into Nessos the human
 30039 | D:13     | Noticed Nessos
 30054 | D:12     | Reached XP level 15. HP: 92/99 MP: 15/15
 30065 | D:12     | Gained mutation: One of your tentacles bears a nasty spike.
                  | [hidden potential]
 30065 | D:12     | Lost mutation: You have hidden genetic potential. [hidden
                  | potential expressed]
 30242 | D:13     | Noticed Snorg
 30248 | D:13     | Killed Snorg
 30296 | D:13     | Killed Nessos the human
 30415 | D:13     | Found a portal to a secret trove of treasure.
 30463 | D:13     | Reached skill level 15 in Shapeshifting
 30785 | D:14     | Found a runed translucent door.
 30786 | D:14     | Noticed Peqemp's ghost (journeyman MiMo)
 31131 | D:14     | Noticed Frances
 31149 | D:14     | Killed Frances
 31420 | D:14     | Reached skill level 10 in Dodging
 31819 | D:15     | Entered Level 15 of the Dungeon
 32149 | D:15     | Reached skill level 10 in Shields
 32155 | D:15     | Reached XP level 16. HP: 108/108 MP: 16/16
 32393 | D:15     | Found the +8 autumn katana {manifold assault}
 32487 | D:15     | Noticed Rupert
 32496 | D:15     | Killed Rupert
 32620 | D:15     | Found a staircase to the Depths.
 33026 | Orc:1    | Entered Level 1 of the Orcish Mines
 33027 | Orc:1    | Noticed Jorgrun
 33036 | Orc:1    | Killed Jorgrun
 33065 | Orc:1    | Noticed Sonja
 33066 | Orc:1    | Sonja changed into Sonja the fire bat
 33066 | Orc:1    | Noticed Sonja
 33071 | Orc:1    | Killed Sonja the fire bat
 33104 | Orc:1    | Found Deapnian's Book Boutique.
 33349 | Orc:2    | Entered Level 2 of the Orcish Mines
 33358 | Orc:2    | Reached skill level 10 in Fighting
 33361 | Orc:2    | Noticed Erolcha
 33381 | Orc:2    | Killed Erolcha
 33467 | Orc:2    | Found a roughly hewn altar of Beogh.
 33602 | Orc:2    | Reached ***** piety under Trog
 33725 | Orc:2    | Found Weaq's Antique Weapon Shoppe.
 33822 | Orc:2    | Found Ceduf's Jewellery Shoppe.
 33837 | Orc:2    | Found Zifein's General Store.
 33844 | Orc:2    | Bought a potion of cancellation for 136 gold pieces
 33844 | Orc:2    | Bought a potion of invisibility for 136 gold pieces
 33853 | Orc:2    | Found Xyumeuno's Antique Armour Shoppe.
 33869 | Orc:2    | Found a roughly hewn altar of Beogh.
 34045 | Orc:2    | Found a staircase to the Elven Halls.
 34264 | Orc:2    | Bought a ring of protection from fire for 275 gold pieces
 34264 | Orc:2    | Bought a +4 ring of slaying for 858 gold pieces
 34264 | Orc:2    | Bought a +6 ring of dexterity for 396 gold pieces
 34264 | Orc:2    | Bought a ring of willpower for 275 gold pieces
 34284 | Orc:2    | Bought a scroll of identify for 34 gold pieces
 34371 | Elf:1    | Entered Level 1 of the Elven Halls
 34389 | Elf:1    | Identified the +0 chain mail of Costrevei {Harm Dex+5}
 34406 | Elf:1    | Received a gift from Trog
 34521 | Elf:1    | Identified the +2 chain mail of the Great Game {Regen+
                  | Stlth+}
 35419 | Elf:2    | Reached XP level 17. HP: 120/120 MP: 17/17
 35546 | Elf:2    | Found a huge runed translucent gate.
 35548 | Elf:2    | Found a huge runed translucent gate.
 35553 | Elf:2    | Found a huge runed translucent gate.
 35554 | Elf:2    | Found a huge runed translucent gate.
 35554 | Elf:2    | Found a huge runed translucent gate.
 35852 | Elf:1    | Found an ancient bone altar of Kikubaaqudgha.
 35884 | Elf:3    | Entered Level 3 of the Elven Halls
 35923 | Elf:3    | Found Deaclixt's Overcharged Wands.
 35923 | Elf:3    | Identified the serpent talisman "Vysunap" {Int+3 Dex+6}
 35923 | Elf:3    | Noticed Aizul
 35936 | Elf:3    | Killed Aizul
 35936 | Elf:3    | Received a gift from Trog
 35975 | Elf:3    | Found Arruimog's Assorted Antiques.
 35992 | Elf:3    | Found a runed translucent door.
 35992 | Elf:3    | Found a shimmering altar of Xom.
 35992 | Elf:3    | Noticed Kiciri's ghost (adept CoHu)
 36029 | Elf:3    | Found a magical portal.
 36051 | WizLab   | Entered Doroklohe's Tomb
 36249 | Elf:3    | Noticed Mara
 36261 | Elf:3    | Killed Mara
 36414 | Elf:3    | Noticed a deep elf blademaster
 36419 | Elf:3    | Killed a deep elf blademaster
 36850 | Elf:3    | Identified the +6 scale mail of Ybraekis {Will+ MP+9 Str+4}
 36897 | Elf:3    | Identified the +6 war axe "Killer Bee's Peril" {flame, rN+
                  | Str+2 SInv Stlth+}
 36897 | Elf:3    | Identified the ring "Heycwij" {rN+ rCorr Str+3 Slay+4}
 36913 | Elf:3    | Identified the +0 chain mail of Resourcefulness {rF+ rC+
                  | Int-3}
 36913 | Elf:3    | Noticed a deep elf master archer
 36929 | Elf:3    | Killed a deep elf master archer
 37177 | Elf:3    | Identified the +1 ring mail of the Accordion {rElec Dex+8
                  | Slay-5 Stlth-}
 37581 | Elf:3    | Identified the +2 scale mail of a Gauntlet {Int+3}
 37581 | Elf:3    | Noticed a deep elf blademaster
 37587 | Elf:3    | Killed a deep elf blademaster
 37588 | Elf:3    | Reached skill level 15 in Fighting
 37619 | Elf:3    | Identified the ring "Cemi" {Ice rPois Str+3}
 37836 | Elf:3    | Noticed a deep elf master archer
 37848 | Elf:3    | Killed a deep elf master archer
 37861 | Abyss:2  | Cast into level 2 of the Abyss (a deep elf demonologist)
 37893 | Elf:3    | Escaped the Abyss
 38328 | Elf:3    | Acquired a manual of Dodging
 38349 | Elf:3    | Identified the staff of Integrity {rF++ rC+ Dex-4 Summ Ice
                  | Alchemy}
 38718 | Elf:3    | Found Arruimog's Assorted Antiques.
 38973 | Elf:3    | Found Deaclixt's Overcharged Wands.
 39464 | Spider:1 | Entered Level 1 of the Spider Nest
 39599 | Spider:1 | Received a gift from Trog
 39742 | Spider:1 | Reached XP level 18. HP: 135/135 MP: 18/18
 39871 | Spider:1 | Reached skill level 5 in Evocations
 40712 | Spider:3 | Identified the staff "Mefu" {Int-4 SInv Conj Necro Air}
 41148 | Spider:4 | Entered Level 4 of the Spider Nest
 41149 | Spider:4 | Found a glacial archway.
 41155 | IceCv    | Entered an ice cave
 41269 | IceCv    | Received a gift from Trog
 42063 | Spider:4 | Reached ****** piety under Trog
 42070 | Spider:4 | Received a gift from Trog
 42080 | Spider:4 | Found a runed translucent door.
 42081 | Spider:4 | Noticed Nuutul's ghost (adept SpEn)
 42409 | Spider:4 | Reached skill level 15 in Dodging
 42410 | Spider:4 | Got a gossamer rune of Zot
 42539 | Spider:4 | Reached XP level 19. HP: 144/144 MP: 19/19
 42919 | Spider:4 | Killed Nuutul's ghost
 43057 | Shoals:1 | Entered Level 1 of the Shoals
 43060 | Shoals:1 | Identified the +6 scimitar of the Pure Artisans {heavy,
                  | *Slow rPois Str+2} (Trog gifted it to you on level 1 of the
                  | Shoals)
 43060 | Shoals:1 | Received a gift from Trog
 43267 | Shoals:1 | Found Ujara's Magic Scroll Boutique.
 43285 | Shoals:1 | Bought a scroll of enchant armour for 135 gold pieces
 44375 | Shoals:3 | Received a gift from Trog
 44848 | Shoals:4 | Entered Level 4 of the Shoals
 44915 | Shoals:4 | Found a white marble altar of Elyvilon.
 44929 | Shoals:4 | Received a gift from Trog
 45104 | Shoals:4 | Identified the staff of the Vaults {Will+ Conj}
 45279 | Shoals:4 | Found a glowing silver altar of Zin.
 45300 | Shoals:4 | Reached XP level 20. HP: 156/156 MP: 20/20
 45461 | Shoals:4 | Found a glowing golden altar of the Shining One.
 45602 | Shoals:4 | Got a barnacled rune of Zot
 45828 | Lair:3   | Identified the ring of Emmeaneorcha {rN++ rCorr Str+6
                  | Int-3}
 45994 | D:14     | Killed Peqemp's ghost
 45998 | D:14     | Identified the +8 trident "Orhiluzes" {venom, Will+ rCorr}
 46266 | Lair:5   | Killed Kiciri's ghost
 46412 | Vaults:1 | Entered Level 1 of the Vaults
 46452 | Vaults:1 | Received a gift from Trog
 47397 | Vaults:2 | You are sucked into a shaft and drop 1 floor!
 47523 | Vaults:3 | Identified the +4 robe "Cekhufit" {rPois rF+ Slay+5}
 47550 | Vaults:3 | Found a staircase to the Crypt.
 48136 | Vaults:3 | Received a gift from Trog
 48373 | Vaults:3 | Identified the +13 tower shield of Fallacy {+Inv rC+ Dex+4}
 48373 | Vaults:3 | Noticed Mennas
 48389 | Vaults:3 | Killed Mennas
 48390 | Vaults:3 | Reached XP level 21. HP: 165/165 MP: 21/21
 48742 | Vaults:4 | Reached skill level 15 in Shields
 48807 | Vaults:4 | Identified the ring of Xom's Bemusement {Fire rPois Will+}
 48814 | Vaults:4 | Found a crumbling gateway.
 48830 | Desolati | Entered the Desolation of Salt
 49014 | Desolati | Received a gift from Trog
 49083 | Desolati | Identified the +11 mace of Diqom {antimagic, ^Fragile rCorr
                  | SInv}
 49084 | Desolati | Identified the ring of Orodiox {Int+6 Dex+6 Slay+3 Stlth-}
 49090 | Desolati | Identified the +4 hand axe of the First Friars {flame,
                  | Int+3}
 49099 | Desolati | Identified the +8 quarterstaff "Makig" {vamp, Will+ Dex+2}
 49163 | Desolati | Identified the ring "Luvvaxuph" {Ice rElec}
 49180 | Desolati | Identified the ring "Vics" {rElec rPois Slay+4}
 49483 | Desolati | Received a gift from Trog
 49773 | Vaults:4 | Identified the amulet of Incredulity {Reflect rC- Str+3
                  | SH+5}
 49941 | Vaults:4 | Reached XP level 22. HP: 176/176 MP: 22/22
 50218 | Vaults:4 | Received a gift from Trog
 50333 | Vaults:5 | Entered Level 5 of the Vaults
 51267 | Depths:1 | Entered Level 1 of the Depths
 51274 | Depths:1 | Found a transporter.
 51274 | Depths:1 | Noticed a juggernaut
 51278 | Depths:1 | Found a bloodstained altar of Trog.
 51278 | Depths:1 | Noticed Appolef's ghost (veteran GrBe)
 51400 | Depths:1 | Found Acleurol's Jewellery Emporium.
 51401 | Depths:1 | Found Hisizixu's Book Shop.
 51402 | Depths:1 | Found Learoq's Jewellery Emporium.
 51497 | Depths:1 | Received a gift from Trog
 51602 | Depths:1 | Found a gateway to Hell.
 51807 | Depths:1 | Found a radiant altar of Vehumet.
 51846 | Depths:1 | Found a transporter.
 51864 | Depths:1 | Identified the ring "Elokk" {Fire Dex+2}
 52385 | Depths:2 | Found the +5 glaive of the Guard {elec, spectral}
 52807 | Depths:2 | Found Big Baal Hell's Store.
 52926 | Depths:2 | Found a one-way gate leading to the halls of Pandemonium.
 53037 | Depths:3 | Received a gift from Trog
 53038 | Depths:3 | Found a runed translucent door.
 53044 | Depths:3 | Noticed the Enchantress
 53052 | Depths:3 | Found a runed translucent door.
 53058 | Depths:3 | Killed the Enchantress
 53064 | Depths:3 | Found a runed translucent door.
 53089 | Depths:3 | Found a runed translucent door.
 53099 | Depths:3 | Identified the +7 whip of Feral Guile {venom, rElec Int+3
                  | Stlth+}
 53100 | Depths:3 | Identified the staff of Expedience {+Blink rElec rF+ MP-9
                  | Fire Air}
 53190 | Depths:3 | Reached XP level 23. HP: 183/183 MP: 19/23
 53278 | Depths:3 | Noticed a golden dragon
 53285 | Depths:3 | Identified the staff of the Threshing Gods {rC+ Will+ Str+6
                  | Dex-3 Conj Ice}
 53285 | Depths:3 | Identified the ring of Ythradgh {Ice ^Drain Str+2 Int+3
                  | Slay+3}
 53285 | Depths:3 | Noticed Josephina
 53296 | Depths:3 | Killed Josephina
 53306 | Depths:3 | Identified the +2 robe "Wafun" {rPois rN+ Archmagi}
 53306 | Depths:3 | Noticed Boris
 53315 | Depths:3 | Killed a golden dragon
 53321 | Depths:3 | Killed Boris
 53439 | Depths:3 | Found a one-way gate to the infinite horrors of the Abyss.
 53558 | Depths:3 | Found a one-way gateway to a ziggurat.
 53582 | Depths:3 | Found Liradye's Armour Emporium.
 53791 | Depths:4 | Entered Level 4 of the Depths
 53872 | Depths:4 | Received a gift from Trog
 54589 | Depths:4 | Found a gate to the Realm of Zot.
 55005 | Depths:1 | Bought the amulet of Vashroote {rPois rC+ Regen+} for 578
                  | gold pieces
 55543 | Elf:2    | Received a gift from Trog
 56005 | Vaults:5 | Noticed a golden dragon
 56008 | Vaults:5 | Noticed an ancient lich
 56017 | Vaults:5 | Killed a golden dragon
 56034 | Vaults:5 | Killed an ancient lich
 56038 | Vaults:5 | Reached skill level 15 in Long Blades
 56076 | Vaults:5 | Got a silver rune of Zot
 56133 | Vaults:5 | Identified the +6 flail "Qanuh" {flame, Str+3}
 56143 | Vaults:5 | Reached XP level 24. HP: 192/192 MP: 23/23
 56146 | Vaults:5 | Identified the ring of Esohatt {Fire rElec}
 56198 | Vaults:5 | Identified the +0 scale mail of Xokle {Rampage Str+3}
 56199 | Vaults:5 | Received a gift from Trog
 56255 | Vaults:5 | Noticed a dread lich
 56261 | Vaults:5 | Reached skill level 10 in Stealth
 56266 | Vaults:5 | Killed a dread lich
 56274 | Vaults:5 | Identified the +3 plate armour of the Trees {rC++ Will-
                  | Str+6 Dex+3}
 56823 | Vaults:5 | Identified the staff "Giant's Demise" {rC+ rN+ SInv Necro}
 57187 | Vaults:5 | Received a gift from Trog
 57221 | Vaults:5 | Identified the +5 morningstar of Change {antimagic, rElec
                  | rC- Str+9}
 57608 | Elf:3    | Bought a wand of digging (11) for 693 gold pieces
 57608 | Elf:3    | Bought a wand of light (18) for 1134 gold pieces
 57668 | Elf:3    | Killed Kiciri's ghost
 58126 | Zot:1    | Entered Level 1 of the Realm of Zot
 58126 | Zot:1    | Found a transporter.
 58343 | Zot:2    | Reached XP level 25. HP: 198/198 MP: 23/23
 58384 | Zot:2    | Received a gift from Trog
 58435 | Zot:2    | Identified the ring of Cimanlin {Will+ Int+5 Dex+6}
 58478 | Zot:2    | Found the +4 dragonskin cloak
 58478 | Zot:2    | Noticed Tiamat
 58552 | Zot:2    | Killed Tiamat
 58882 | Zot:3    | Received a gift from Trog
 58882 | Zot:3    | Found the +2 Maxwell's thermic engine {flame, freeze, rev}
 58984 | Zot:3    | Noticed an orb of fire
 59037 | Zot:5    | Entered Level 5 of the Realm of Zot
 59065 | Zot:5    | Reached skill level 10 in Evocations
 59238 | Zot:5    | Acquired a manual of Shields
 60111 | Zot:5    | Noticed a Killer Klown
 60113 | Zot:5    | Noticed an orb of fire
 60116 | Zot:5    | Gained mutation: Your body sometimes deteriorates upon
                  | taking damage. [an orb of fire]
 60117 | Zot:5    | Gained mutation: You are weak. (Str -2) [an orb of fire]
 60122 | Zot:5    | Killed an orb of fire
 60126 | Zot:5    | Killed a Killer Klown
 60130 | Zot:5    | Noticed an ancient lich
 60131 | Zot:5    | Noticed a dread lich
 60138 | Zot:5    | Killed an ancient lich
 60140 | Zot:5    | Killed a dread lich
 60140 | Zot:5    | Noticed a Killer Klown
 60143 | Zot:5    | Killed a Killer Klown
 60290 | Zot:5    | Reached XP level 26. HP: 205/205 MP: 23/23
 60824 | Zot:5    | Noticed an ancient lich
 60827 | Zot:5    | Noticed an orb of fire
 60828 | Zot:5    | Noticed an ancient lich
 60829 | Zot:5    | Noticed an ancient lich
 60832 | Zot:5    | Killed an ancient lich
 60837 | Zot:5    | Killed an orb of fire
 60838 | Zot:5    | Noticed an ancient lich
 60839 | Zot:5    | Received a gift from Trog
 60843 | Zot:5    | Killed an ancient lich
 60846 | Zot:5    | Killed an ancient lich
 60851 | Zot:5    | Killed an ancient lich
 60858 | Zot:5    | Noticed a Killer Klown
 60860 | Zot:5    | Noticed an orb of fire
 60863 | Zot:5    | Noticed a Killer Klown
 60864 | Zot:5    | Noticed an ancient lich
 60867 | Zot:5    | Killed a Killer Klown
 60872 | Zot:5    | Killed an ancient lich
 60873 | Zot:5    | Killed a Killer Klown
 60904 | Zot:5    | Reached skill level 15 in Evocations
 60906 | Zot:5    | Noticed a dread lich
 60916 | Zot:5    | Killed a dread lich
 61122 | Zot:5    | Killed an orb of fire
 61399 | Zot:5    | Noticed a Killer Klown
 61406 | Zot:5    | Killed a Killer Klown
 61647 | Zot:5    | Got the Orb of Zot
 61741 | Zot:1    | Found a transporter.
 61895 | D:15     | Identified the +4 robe of Circular Logic {rPois}
 61895 | D:15     | Noticed Boris
 61896 | D:15     | Killed Boris
 62134 | D:$      | Escaped with the Orb!

Illustrated notes

Levels and vault maps discovered:
D:1:      amcnicky_arrival_double_pillar, layout_rooms
D:2:      layout_basic, basic_altar, serial_bayou_pond_c,
          nicolae_nh_oracle_at_delphi, uniq_jessica, uniq_terence
D:3:      layout_loops_ring, ebering_ecumenical_altar_abandoned
D:4:      layout_cave_pods, minmay_temple_entry_large_hall, gammafunk_ghost_icy
D:5:      layout_basic, lightli_ossuary_entry_decrepit_ruins, uniq_edmund
D:6:      layout_basic, elyvilon_altar_4, grunt_temple_overflow_open
D:7:      layout_basic, corexii_checkpoint, uniq_duvessa, uniq_prince_ribbit1
D:8:      layout_rooms, nicolae_overflow_crystal_walls, grunt_ministairs_5,
          minmay_crossroads, uniq_maurice
D:9:      layout_roguey, hellmonk_ghost_happy_afterlife, kennysheep_small_square
D:10:     layout_loops_ring, lair_entry_dummy
D:11:     cheibrodos_iron_armory, layout_small_grid, erik_orc_1
D:12:     layout_rooms, nicolae_elevator_lobby_asterisk
D:13:     layout_cross, david_vaults_3, serial_park, serial_park_square2,
          serial_park_tiny_pond, serial_park_square3
          [serial_park_minivault_5x5_6], nicolae_trove_entry_diagonal,
          uniq_snorg
D:14:     layout_roguey [special_room_mythical_zoo], ebering_ghost_inner_flame,
          reono_crystal_passage, minmay_hollow_rounded_squares, uniq_frances
D:15:     hellmonk_depths_entry_around_the_bend, layout_small_grid,
          chequers_serial_rivers_large_a, st_stairs_3, uniq_rupert
Lair:1:   layout_cave_pods, chequers_serial_rivers_micro_c
Lair:2:   layout_regular_city, minmay_shoals_entry_lonely_mermaid,
          grunt_forest_stairs_clearing
Lair:3:   gammafunk_worm_tunnel, layout_regular_city,
          nicolae_spider_entry_lesser_pyramids, pf_torpor_hydra,
          lemuel_fruit_tree
Lair:4:   hellmonk_ruined_rings, layout_regular_city, gauntlet_entry_generic,
          serial_bayou_crossing, serial_bayou_shore_b
Lair:5:   evilmike_catoblepas_cave, layout_cave_shapes, slime_entry_1,
          ebering_ghost_rock_garden, nicolae_lair_run_with_the_wolves,
          infiniplex_staircase_pool
Shoals:1: layout_shoals, serial_shops, nicolae_shop_tiny_glass,
          nicolae_shoals_pincushion_passage
Shoals:2: layout_shoals
Shoals:3: layout_shoals
Shoals:4: shoals_end_hellmonk_holy_island
Spider:1: layout_spider_delve
Spider:2: layout_spider_delve
Spider:3: layout_spider_delve
Spider:4: guppyfry_spider_rune, ebering_ghost_reflecting_pool,
          portal_ice_cave_entry_pillars_three, guppyfry_hornet_nest
Orc:1:    layout_caves, serial_shops, nicolae_shop_tiny_glass, uniq_jorgrun,
          uniq_sonja
Orc:2:    grunt_orc_cross, layout_caves, basic_altar
Elf:1:    layout_geoelf_grid, nicolae_elf_crossing_hall, lemuel_upstairs_altar
Elf:2:    elven_hall_of_blades_hangedman_alternative
          [nicolae_vaults_blade_armed_guards], layout_geoelf_diagonals
Elf:3:    minmay_elf_hall_curves, layout_geoelf_diagonals, ebering_ghost_xom,
          serial_shops, shop, lightli_enter_wizlab_magi_temple,
          nicolae_shop_overcharged_wands, uniq_mara, uniq_aizul
Vaults:1: hangedman_vaults_restitches, nicolae_vaults_corridor_and_loot_room,
          serial_library_hellmonk_semicircle,
          nicolae_vaults_doubleplus_tesselated, v_rooms_3,
          ontoclasm_vaults_loading_screen, vaults_room_hallway, v_misc_22,
          nicolae_vaults_tetromino_Z_1, nicolae_vaults_storage_closets_3,
          nicolae_vaults_house_1, layout_vaults_omnibox
Vaults:2: v_rooms_5, vaults_mumra_hexcomb, v_misc_16, ontoclasm_vaults_pinch,
          ontoclasm_vaults_decontamination, nicolae_vaults_house_3,
          ontoclasm_vaults_chip, grunt_vaults_hallway_short,
          nicolae_vaults_house_3, layout_vaults_omnicross
Vaults:3: vaults_room_semicircle, v_misc_33, minmay_crypt_entry_vampire_xt,
          nicolae_vaults_octothorpe, ontoclasm_vaults_spin, vaults_dpeg_hooks,
          nicolae_vaults_closet_pinwheel_4, nicolae_vaults_diamond_2,
          layout_vaults_omnigrid, uniq_mennas
Vaults:4: portal_desolation_entry_nicolae_nacl,
          nicolae_vaults_ellipses_ellipsis, v_misc_11, grunt_vaults_funnel,
          dpeg_vaults_monster_box, hangedman_vaults_nodes,
          hangedman_vaults_stretched_pinwheel, vaults_dpeg_diagonal,
          hangedman_vaults_stagger, nicolae_vaults_trapezoid_lopsided_3,
          layout_vaults_big_room
Vaults:5
Depths:1: layout_gridlike, hangedman_coc_ice_floe,
          gammafunk_ghost_wrathful_warriors, nicolae_figureground_pulse,
          nicolae_vehumet_altar_sigil, firewood_loft, minmay_shop_grove
Depths:2: minmay_shoctagon, layout_gridville, kennysheep_nondescript,
          nicolae_hell_entry_big_baal_hell, grunt_pan_entry_in_and_out,
          roderic_lattice_a, serial_bayou_shore_b, minmay_staircase_statues,
          serial_bayou_shore_b
Depths:3: impenetrable_vault, layout_long_grid, enter_ziggurat_e, serial_shops,
          nicolae_shop_peninsula, grunt_metal_band, abyss_entry, uniq_josephina,
          uniq_enchantress, uniq_boris
Depths:4: grunt_zot_entry_bicorn, layout_gridlike, hell_entry,
          serial_co_window_serial, co_window_paths_a, co_window_corner_a,
          co_window_of_opportunity_a, co_window_cross_1,
          co_window_of_opportunity_a, co_window_paths_a,
          co_window_of_opportunity_c, co_window_cross_2, co_window_cross_2,
          co_window_cross_3, co_window_corner_b, co_window_paths_d,
          glass_columns_a, glass_columns_c
Zot:1:    gammafunk_sealed_arena, layout_basic, hangedman_zot_decor_scrapings,
          zot_minivault_4
Zot:2:    regret_index_zot_pan_timeshare, layout_misc_corridors, uniq_tiamat
Zot:3:    gammafunk_its_a_trap, layout_basic, hangedman_player_shredder
Zot:4:    layout_gridlike, ebering_ghost_reflecting_pool,
          hangedman_zot_decor_tridents
Zot:5:    layout_cellular_growth, st_stairs_4

Skill      XL: |  1  2  3  4  5  6  7  8  9 10 11 12 13 14 15 16 17 18 19 20 21 22 23 24 25 26 |
---------------+-------------------------------------------------------------------------------+-----
Stealth        | 1 2 3 6 7 8 11 12 | 12.5
Dodging        | 1 2 3 4 5 6 7 9 10 12 13 15 17 18 19 20 21 22 23 | 23.0
Fighting       | 4 5 6 7 8 9 12 15 17 19 20 22 23 | 23.0
Long Blades    | 5 6 8 9 11 12 13 14 15 16 17 18 | 18.0
Evocations     | 2 4 7 9 11 16 | 16.6
Shields        | 1 8 9 10 11 12 13 14 16 17 19 21 22 | 22.0
Shapeshifting  | 4 10 14 16 17 18 | 18.2
Polearms       | |  2.0
Throwing       | |  1.0

Action                     |  1- 3 |  4- 6 |  7- 9 | 10-12 | 13-15 | 16-18 | 19-21 | 22-24 | 25-27 || total
---------------------------+-------+-------+-------+-------+-------+-------+-------+-------+-------++-------
  Melee: Dagger            |    48 |    85 |    72 |       |     5 |       |       |       |       ||   210
         Constrict         |    11 |    32 |    57 |    59 |    80 |   164 |   185 |   106 |    64 ||   758
         Tentacles         |     6 |    30 |    71 |   147 |   204 |   139 |   178 |   181 |   140 ||  1096
         Long sword        |       |    29 |   157 |    34 |       |       |       |       |       ||   220
         Short sword       |       |       |       |   119 |    10 |       |       |       |       ||   129
         Scimitar          |       |       |       |   443 |   369 |     7 |       |       |       ||   819
         Peck              |       |       |       |       |   195 |   166 |   198 |   185 |   151 ||   895
         Kick              |       |       |       |       |   232 |   273 |   330 |   330 |   231 ||  1396
         Double sword      |       |       |       |       |   282 |    12 |       |       |       ||   294
         Katana            |       |       |       |       |       |   704 |   881 |   840 |   361 ||  2786
         Eudemon blade     |       |       |       |       |       |       |       |       |    88 ||    88
  Throw: Dart              |    22 |     7 |    28 |    63 |    40 |     1 |       |     1 |       ||   162
         Javelin           |       |       |    16 |       |       |       |       |       |       ||    16
         Throwing net      |       |       |       |       |       |       |       |       |     1 ||     1
 Invoke: Berserk           |       |       |    12 |    23 |    17 |     4 |       |       |       ||    56
         Trog's Hand       |       |       |     1 |     6 |    12 |    18 |    12 |     9 |     7 ||    65
         Brothers in Arms  |       |       |       |       |     2 |       |     1 |       |     3 ||     6
  Evoke: Wand              |       |     2 |     7 |    20 |    43 |     4 |       |       |     5 ||    81
         Phial of floods   |       |       |       |       |       |     1 |       |       |       ||     1
    Use: Scroll            |     1 |     4 |     6 |    12 |    13 |    12 |     4 |    11 |     5 ||    68
         Potion            |       |     1 |     1 |     4 |     2 |     4 |     1 |     3 |     3 ||    19
   Stab: Sleeping          |     3 |     9 |     2 |    13 |    12 |    27 |    52 |    19 |     3 ||   140
         Petrified         |       |       |       |       |     2 |       |       |       |       ||     2
         Distracted        |       |       |       |       |     3 |     8 |     5 |     8 |     3 ||    27
         Invisible         |       |       |       |       |     1 |     1 |       |       |       ||     2
         Held in net/web   |       |       |       |       |       |       |       |       |     3 ||     3
 Armour: Skin              |    11 |    51 |    98 |   145 |   246 |   198 |   190 |   121 |    58 ||  1118
  Dodge: Dodged            |    19 |    69 |   129 |   183 |   316 |   411 |   514 |   620 |   280 ||  2541
  Block: Kite shield       |       |       |       |   316 |   763 |   755 |   673 |       |       ||  2507
         Tower shield      |       |       |       |       |       |       |   466 |  1223 |   700 ||  2389
   Form: Beast             |       |       |       |     2 |       |       |       |       |       ||     2
                           |       |       |       |     1 |       |       |       |       |       ||     1
         Statue            |       |       |       |       |     1 |       |       |       |       ||     1

Table legend: (Time is in decaauts)
 A = Elapsed time spent in this place.
 B = Non-inter-level travel time spent in this place.
 C = Inter-level travel time spent in this place.
 D = Time resting spent in this place.
 E = Time spent auto-exploring this place.
 F = Levels seen in this place.
 G = Mean time per level.
                   A        B        C        D        E       F      G
               +--------+--------+--------+--------+--------+-----+--------+
         Total |  78472 |  69606 |   8866 |  17029 |  36592 |  53 | 1480.6 |
       Dungeon |  26805 |  23121 |   3684 |   7296 |  10976 |  15 | 1787.0 |
          Lair |  10188 |   8828 |   1360 |   3614 |   3185 |   5 | 2037.6 |
        Shoals |   3683 |   3442 |    241 |    301 |   1992 |   4 |  920.8 |
   Spider Nest |   3894 |   3690 |    204 |    132 |   2788 |   4 |  973.5 |
  Orcish Mines |   2370 |   1737 |    633 |    221 |   1212 |   2 | 1185.0 |
   Elven Halls |   8316 |   7308 |   1008 |   2300 |   3766 |   3 | 2772.0 |
        Vaults |   8229 |   7525 |    704 |      9 |   5800 |   5 | 1645.8 |
        Depths |   6052 |   5216 |    836 |     91 |   4258 |   4 | 1513.0 |
           Zot |   5129 |   4936 |    193 |   2283 |    892 |   5 | 1025.8 |
         Abyss |     47 |     47 |      0 |      0 |      0 |   1 |   47.0 |
       Ossuary |    674 |    674 |      0 |    369 |      1 |   1 |  674.0 |
      Ice Cave |   1277 |   1277 |      0 |     21 |    901 |   1 | 1277.0 |
        Wizlab |     24 |     24 |      0 |      0 |      0 |   1 |   24.0 |
    Desolation |   1034 |   1034 |      0 |      0 |    670 |   1 | 1034.0 |
      Gauntlet |    743 |    743 |      0 |    387 |    147 |   1 |  743.0 |
               +--------+--------+--------+--------+--------+-----+--------+

Top non-repeatable levels by time:
   Elf:3: 5185 daAuts
   Zot:5: 3835 daAuts
     D:8: 3121 daAuts
     D:7: 3048 daAuts
    D:11: 3046 daAuts
  Lair:5: 3022 daAuts
  Lair:3: 2352 daAuts
     D:9: 2297 daAuts
Vaults:3: 2102 daAuts
  Lair:1: 2012 daAuts
    D:10: 1992 daAuts
    D:14: 1969 daAuts
Vaults:5: 1924 daAuts
   Elf:2: 1780 daAuts
Depths:4: 1770 daAuts
